[ AOE2 MATCH · #461569933 ]
UnrankedBerbers vs Burmese
[ REPLAY ANALYSIS · EXTRACTED FROM THE RECORDED GAME ]
Feudal
11:40
Castle
—
Imperial
—
| APM avg | 13.7 |
| APM peak | 33 |
| eAPM avg | 7.6 |
| Villagers / military | 33 / 0 |
Focus
⚔️ 15.8% · 🌾 84.2%
Feudal
13:35
Castle
—
Imperial
—
| APM avg | 10.5 |
| APM peak | 22 |
| eAPM avg | 7.0 |
| Villagers / military | 37 / 0 |
Focus
⚔️ 7.1% · 🌾 92.9%
Feudal
11:12
Castle
—
Imperial
—
| APM avg | 9.4 |
| APM peak | 24 |
| eAPM avg | 5.9 |
| Villagers / military | 24 / 0 |
Focus
⚔️ 2.7% · 🌾 97.3%
Feudal
—
Castle
—
Imperial
—
| APM avg | 30.3 |
| APM peak | 55 |
| eAPM avg | 15.4 |
| Villagers / military | 63 / 0 |
Focus
⚔️ 18.1% · 🌾 81.9%
Feudal
—
Castle
—
Imperial
—
| APM avg | 311.5 |
| APM peak | 503 |
| eAPM avg | 311.4 |
| Villagers / military | 0 / 0 |
Focus
⚔️ 65.2% · 🌾 34.8%
Feudal
—
Castle
—
Imperial
—
| APM avg | 332.8 |
| APM peak | 664 |
| eAPM avg | 332.8 |
| Villagers / military | 0 / 4 |
Focus
⚔️ 62.3% · 🌾 37.7%
Archer ×4
Feudal
—
Castle
—
Imperial
—
| APM avg | 330.5 |
| APM peak | 551 |
| eAPM avg | 330.4 |
| Villagers / military | 0 / 0 |
Focus
⚔️ 74.7% · 🌾 25.3%
Feudal
—
Castle
—
Imperial
—
| APM avg | 311.4 |
| APM peak | 521 |
| eAPM avg | 311.4 |
| Villagers / military | 0 / 2 |
Focus
⚔️ 67.4% · 🌾 32.6%
Archer ×2
Match map
Initial resources + every placement click. Lines = walls · curves = elevation contours. ◆ gold · ⬟ stone · ● berries · ✦ relic · ◌ wall gap
Your base· Open — unwalled flank
xc012345's base· Open — unwalled flank
動物清道夫's base· Open — unwalled flank
T-ReX's base· Open — unwalled flank
's base· Open — unwalled flank
's base· Open — unwalled flank
's base· Open — unwalled flank
's base· Open — unwalled flank
Smoothed initial terrain · ◌ = detected wall gap · hover for details
Inputs per minute
— Elite Noob - - xc012345
Build order — Elite Noob
52 actions detected in the replay
| 0:07 | Research | Loom |
| 0:07 | Create | Villager (Male) ×4 |
| 0:13 | Build | House |
| 0:18 | Build | House |
| 0:19 | Build | House |
| 1:58 | Create | Villager (Male) |
| 1:58 | Create | Villager (Male) |
| 2:30 | Create | Villager (Male) |
| 2:50 | Create | Villager (Male) |
| 2:51 | Create | Villager (Male) |
| 3:22 | Create | Villager (Male) |
| 3:22 | Create | Villager (Male) |
| 3:22 | Create | Villager (Male) |
| 4:18 | Build | Lumber Camp |
| 4:25 | Create | Villager (Male) |
| 4:44 | Create | Villager (Male) |
| 4:44 | Create | Villager (Male) |
| 5:06 | Create | Villager (Male) |
| 5:45 | Create | Villager (Male) ×3 |
| 6:05 | Build | Mill |
| 6:12 | Build | House |
| 6:50 | Create | Villager (Male) ×2 |
| 6:56 | Build | Mill |
| 7:31 | Create | Villager (Male) |
| 7:31 | Create | Villager (Male) |
| 7:32 | Create | Villager (Male) |
| 7:33 | Create | Villager (Male) |
| 9:14 | Build | Mining Camp |
| 9:25 | Research | Feudal Age |
| 9:31 | Create | Villager (Male) |
| 10:05 | Build | House |
| 10:09 | Build | House |
| 10:10 | Build | House |
| 10:11 | Build | House |
| 11:11 | Build | Lumber Camp |
| 11:32 | Build | Mill |
| 11:40 | Age | Feudal Age |
| 11:44 | Create | Villager (Male) |
| 11:44 | Create | Villager (Male) |
| 11:47 | Research | Double-Bit Axe |
| 12:29 | Create | Villager (Male) |
| 12:30 | Create | Villager (Male) |
| 12:36 | Research | Horse Collar |
| 13:03 | Build | Farm |
| 13:07 | Build | Farm |
| 13:28 | Build | Farm |
| 13:30 | Create | Villager (Male) |
| 13:54 | Build | Farm |
| 13:56 | Create | Villager (Male) |
| 13:57 | Create | Villager (Male) |
| 14:30 | Build | Farm |
| 14:42 | Build | Farm |
Build order — xc012345
57 actions detected in the replay
| 0:11 | Research | Loom |
| 0:11 | Create | Villager (Male) |
| 0:11 | Create | Villager (Male) |
| 0:12 | Create | Villager (Male) |
| 0:12 | Create | Villager (Male) |
| 0:12 | Create | Villager (Male) |
| 0:21 | Build | House |
| 0:23 | Build | House |
| 0:25 | Build | House |
| 0:30 | Build | House |
| 0:33 | Build | House |
| 2:32 | Create | Villager (Male) |
| 2:33 | Create | Villager (Male) |
| 3:01 | Create | Villager (Male) |
| 3:01 | Create | Villager (Male) |
| 3:33 | Create | Villager (Male) |
| 3:33 | Create | Villager (Male) |
| 4:01 | Create | Villager (Male) |
| 4:01 | Create | Villager (Male) |
| 4:01 | Create | Villager (Male) |
| 4:13 | Build | Palisade Wall |
| 4:31 | Build | Mill |
| 4:53 | Create | Villager (Male) |
| 4:53 | Create | Villager (Male) |
| 5:35 | Create | Villager (Male) |
| 5:35 | Create | Villager (Male) |
| 5:35 | Create | Villager (Male) |
| 6:08 | Create | Villager (Male) |
| 6:09 | Create | Villager (Male) |
| 6:09 | Create | Villager (Male) |
| 6:25 | Build | Palisade Wall |
| 6:28 | Create | Villager (Male) |
| 6:28 | Create | Villager (Male) |
| 6:45 | Create | Villager (Male) |
| 7:01 | Build | Lumber Camp |
| 7:28 | Create | Villager (Male) |
| 7:28 | Create | Villager (Male) |
| 7:28 | Create | Villager (Male) |
| 7:53 | Create | Villager (Male) |
| 7:54 | Create | Villager (Male) |
| 7:54 | Create | Villager (Male) |
| 8:54 | Create | Villager (Male) |
| 9:22 | Build | Mining Camp |
| 9:24 | Create | Villager (Male) |
| 9:24 | Create | Villager (Male) |
| 11:00 | Build | House |
| 11:01 | Build | House |
| 11:20 | Research | Feudal Age |
| 12:52 | Build | Mining Camp |
| 13:24 | Build | Mill |
| 13:35 | Age | Feudal Age |
| 13:39 | Research | Wheelbarrow |
| 13:43 | Research | Horse Collar |
| 13:43 | Research | Double-Bit Axe |
| 13:46 | Create | Villager (Male) |
| 13:46 | Create | Villager (Male) |
| 13:47 | Create | Villager (Male) |
Build order — 動物清道夫
45 actions detected in the replay
| 0:28 | Build | House |
| 0:31 | Build | House |
| 0:38 | Create | Villager (Male) |
| 0:39 | Create | Villager (Male) |
| 0:39 | Create | Villager (Male) |
| 0:39 | Create | Villager (Male) |
| 2:14 | Build | Lumber Camp |
| 2:54 | Create | Villager (Male) |
| 3:33 | Create | Villager (Male) |
| 4:07 | Create | Villager (Male) |
| 4:26 | Create | Villager (Male) |
| 4:36 | Build | Mill |
| 4:41 | Create | Villager (Male) |
| 5:09 | Create | Villager (Male) |
| 5:43 | Create | Villager (Male) |
| 5:43 | Create | Villager (Male) |
| 6:01 | Create | Villager (Male) |
| 6:09 | Create | Villager (Male) |
| 6:22 | Build | House |
| 6:25 | Build | House |
| 6:32 | Build | House |
| 8:47 | Build | Farm |
| 9:02 | Research | Feudal Age |
| 9:28 | Build | Farm |
| 9:40 | Build | Farm |
| 9:50 | Build | Mining Camp |
| 10:01 | Build | Farm |
| 10:30 | Build | Farm |
| 10:57 | Build | Farm |
| 11:12 | Age | Feudal Age |
| 11:14 | Research | Wheelbarrow |
| 11:18 | Create | Villager (Male) |
| 11:18 | Create | Villager (Male) |
| 11:18 | Create | Villager (Male) |
| 11:18 | Create | Villager (Male) |
| 11:19 | Create | Villager (Male) |
| 11:19 | Create | Villager (Male) |
| 12:26 | Create | Villager (Male) |
| 12:26 | Create | Villager (Male) |
| 12:26 | Create | Villager (Male) |
| 12:26 | Create | Villager (Male) |
| 13:03 | Build | Farm |
| 13:10 | Research | Double-Bit Axe |
| 13:32 | Research | Horse Collar |
| 14:24 | Build | Stone Wall |
Build order — T-ReX
85 actions detected in the replay
| 0:02 | Create | Villager (Male) |
| 0:03 | Create | Villager (Male) |
| 0:03 | Create | Villager (Male) |
| 0:06 | Build | House |
| 0:09 | Build | House |
| 0:17 | Research | Loom |
| 0:45 | Create | Villager (Male) |
| 0:46 | Create | Villager (Male) |
| 0:46 | Create | Villager (Male) |
| 0:46 | Create | Villager (Male) |
| 0:46 | Create | Villager (Male) |
| 1:26 | Build | Palisade Wall |
| 2:30 | Create | Villager (Male) |
| 2:30 | Create | Villager (Male) |
| 2:31 | Create | Villager (Male) |
| 2:43 | Create | Villager (Male) |
| 2:44 | Create | Villager (Male) |
| 2:44 | Create | Villager (Male) |
| 3:15 | Create | Villager (Male) |
| 3:16 | Create | Villager (Male) |
| 3:16 | Create | Villager (Male) |
| 3:40 | Create | Villager (Male) |
| 3:40 | Create | Villager (Male) |
| 3:41 | Create | Villager (Male) |
| 3:41 | Create | Villager (Male) |
| 3:55 | Build | Palisade Wall |
| 3:57 | Create | Villager (Male) |
| 3:57 | Create | Villager (Male) |
| 3:57 | Create | Villager (Male) |
| 4:47 | Create | Villager (Male) |
| 4:48 | Create | Villager (Male) |
| 4:48 | Create | Villager (Male) |
| 5:10 | Build | Lumber Camp |
| 5:15 | Create | Villager (Male) |
| 5:15 | Create | Villager (Male) |
| 5:15 | Create | Villager (Male) |
| 5:16 | Create | Villager (Male) |
| 5:49 | Build | Palisade Wall |
| 6:05 | Create | Villager (Male) |
| 6:06 | Create | Villager (Male) |
| 6:06 | Create | Villager (Male) |
| 6:06 | Create | Villager (Male) |
| 6:13 | Create | Villager (Male) |
| 6:14 | Create | Villager (Male) |
| 6:31 | Build | House |
| 6:38 | Create | Villager (Male) |
| 6:38 | Create | Villager (Male) |
| 6:38 | Create | Villager (Male) |
| 6:46 | Build | Palisade Wall |
| 7:05 | Create | Villager (Male) |
| 7:05 | Create | Villager (Male) |
| 7:05 | Create | Villager (Male) |
| 7:25 | Build | Palisade Wall |
| 7:32 | Create | Villager (Male) |
| 7:33 | Create | Villager (Male) |
| 7:33 | Create | Villager (Male) |
| 7:39 | Build | House |
| 8:09 | Create | Villager (Male) |
| 8:09 | Create | Villager (Male) |
| 8:09 | Create | Villager (Male) |
| 8:16 | Create | Villager (Male) |
| 8:16 | Create | Villager (Male) |
| 8:24 | Build | Palisade Wall |
| 8:33 | Build | Palisade Wall |
| 8:58 | Create | Villager (Male) |
| 8:59 | Create | Villager (Male) |
| 9:07 | Build | Mill |
| 9:22 | Build | House |
| 9:28 | Create | Villager (Male) |
| 9:43 | Create | Villager (Male) |
| 9:43 | Create | Villager (Male) |
| 10:11 | Create | Villager (Male) |
| 10:11 | Create | Villager (Male) |
| 10:39 | Create | Villager (Male) |
| 10:39 | Create | Villager (Male) |
| 11:05 | Create | Villager (Male) |
| 11:13 | Build | Mining Camp |
| 11:18 | Build | Mining Camp |
| 11:26 | Build | Palisade Wall |
| 11:28 | Create | Villager (Male) |
| 12:39 | Create | Villager (Male) |
| 13:19 | Build | Palisade Wall |
| 13:24 | Build | Palisade Wall |
| 13:47 | Build | Mill |
| 14:00 | Research | Feudal Age |
Build order —
23 actions detected in the replay
| 0:10 | Build | House |
| 1:26 | Build | Lumber Camp |
| 1:51 | Build | House |
| 2:33 | Research | Tech None |
| 3:04 | Build | Mill |
| 4:20 | Build | House |
| 5:02 | Build | Lumber Camp |
| 6:24 | Build | Mill |
| 6:54 | Build | House |
| 7:44 | Build | Farm |
| 8:17 | Build | Farm |
| 8:44 | Build | House |
| 9:12 | Build | Farm |
| 9:43 | Build | Farm |
| 10:07 | Build | Farm |
| 10:47 | Research | Tech None |
| 10:47 | Build | House |
| 11:02 | Build | Mining Camp |
| 11:55 | Build | Barracks |
| 12:59 | Build | Stable |
| 13:27 | Build | Blacksmith |
| 13:49 | Build | House |
| 14:32 | Research | Tech None |
Build order —
33 actions detected in the replay
| 0:10 | Build | House |
| 1:25 | Build | Lumber Camp |
| 1:26 | Build | Mill |
| 1:58 | Build | House |
| 2:07 | Research | Tech None |
| 4:20 | Build | House |
| 4:56 | Build | Lumber Camp |
| 6:54 | Build | Mill |
| 7:42 | Build | House |
| 7:45 | Research | Tech None |
| 8:36 | Build | Mining Camp |
| 9:28 | Build | Barracks |
| 9:56 | Research | Tech None |
| 10:09 | Research | Tech None |
| 10:14 | Build | House |
| 10:23 | Build | Farm |
| 11:03 | Build | Archery Range |
| 11:44 | Build | Archery Range |
| 11:46 | Build | House |
| 11:56 | Build | House |
| 12:02 | Create | Archer |
| 12:26 | Build | Farm |
| 12:34 | Create | Archer |
| 12:35 | Create | Archer |
| 12:36 | Create | Archer |
| 13:10 | Build | Blacksmith |
| 13:34 | Build | Farm |
| 13:39 | Build | House |
| 13:41 | Build | House |
| 13:58 | Build | Farm |
| 14:12 | Build | Farm |
| 14:30 | Build | Farm |
| 14:37 | Build | Farm |
Build order —
23 actions detected in the replay
| 0:10 | Build | House |
| 1:21 | Build | Lumber Camp |
| 1:46 | Build | House |
| 2:27 | Build | Mill |
| 3:11 | Research | Tech None |
| 4:17 | Build | House |
| 5:40 | Build | Lumber Camp |
| 6:18 | Build | Mill |
| 6:48 | Build | House |
| 7:44 | Build | Farm |
| 8:13 | Build | Farm |
| 8:40 | Build | House |
| 9:25 | Build | Farm |
| 9:54 | Build | Farm |
| 10:12 | Research | Tech None |
| 10:14 | Build | House |
| 10:45 | Build | Mining Camp |
| 11:45 | Build | Barracks |
| 12:45 | Build | Stable |
| 13:18 | Build | Lumber Camp |
| 14:03 | Build | Blacksmith |
| 14:08 | Build | House |
| 14:40 | Build | Farm |
Build order —
30 actions detected in the replay
| 0:10 | Build | House |
| 1:25 | Build | Lumber Camp |
| 1:50 | Build | House |
| 2:07 | Research | Tech None |
| 2:25 | Build | Mill |
| 4:15 | Build | House |
| 4:16 | Build | House |
| 5:40 | Build | Lumber Camp |
| 7:08 | Build | Mill |
| 7:34 | Build | House |
| 7:54 | Research | Tech None |
| 8:50 | Build | Mining Camp |
| 9:36 | Build | Barracks |
| 10:05 | Research | Tech None |
| 10:11 | Research | Tech None |
| 10:13 | Build | House |
| 10:19 | Build | Farm |
| 11:06 | Build | Archery Range |
| 12:10 | Build | Lumber Camp |
| 12:11 | Build | House |
| 12:56 | Build | Archery Range |
| 13:01 | Build | House |
| 13:06 | Build | House |
| 13:25 | Build | Farm |
| 13:33 | Build | Farm |
| 13:49 | Create | Archer |
| 13:52 | Create | Archer |
| 14:16 | Build | Farm |
| 14:30 | Build | Farm |
| 14:42 | Build | Farm |
Match timeline
| 1:26 | T-ReX · wall_segment Palisade Wall x13 |
| 3:55 | T-ReX · wall_segment Palisade Wall x11 |
| 4:13 | xc012345 · wall_segment Palisade Wall x20 |
| 5:49 | T-ReX · wall_segment Palisade Wall x13 |
| 6:25 | xc012345 · wall_segment Palisade Wall x18 |
| 6:46 | T-ReX · wall_segment Palisade Wall x9 |
| 7:25 | T-ReX · wall_segment Palisade Wall x8 |
| 8:24 | T-ReX · wall_segment Palisade Wall x14 |
| 8:33 | T-ReX · wall_segment Palisade Wall x11 |
| 9:28 | · first_building Barracks |
| 9:36 | · first_building Barracks |
| 11:03 | · first_building Archery Range |
| 11:06 | · first_building Archery Range |
| 11:12 | 動物清道夫 · age_up feudal |
| 11:26 | T-ReX · wall_segment Palisade Wall x12 |
| 11:40 | Elite Noob · age_up feudal |
| 11:45 | · first_building Barracks |
| 11:55 | · first_building Barracks |
| 12:45 | · first_building Stable |
| 12:59 | · first_building Stable |
| 13:19 | T-ReX · wall_segment Palisade Wall x8 |
| 13:24 | T-ReX · wall_segment Palisade Wall x6 |
| 13:35 | xc012345 · age_up feudal |
| 14:24 | 動物清道夫 · wall_segment Stone Wall x13 |
[ AI ANALYSIS · 1 CREDIT ]
What really happened in this match?
Wolo.gg analyzes every decision: build order, eco, micro, common mistakes by bracket. Personalized analysis on WhatsApp or Discord in 30 seconds.
Civ guide
Berbers
Perfil
Jugador #11722012